 Dungeon Crawl Stone Soup version 0.31-a0-1522-g43313d8a59 (webtiles) character file.

Game seed: 8009609332220526376

1277 shadizar the Trooper (level 8, -3/62 HPs)
             Began as a Djinni Fire Elementalist on Dec 30, 2023.
             Was an Initiate of Ashenzari.
             Slain by a troll (8 damage)
             ... on level 6 of the Dungeon.
             The game lasted 00:10:04 (4784 turns).

shadizar the Trooper (Djinni Fire Elementalist)     Turns: 4784, Time: 00:10:04

Health: -3/62      AC:  5    Str:  7    XL:     8   Next: 84%
Gold:   327        EV: 12    Int: 19    God:    Ashenzari [......] SH:  0 Dex: 14

rFire   + + .        d - +10 hand cannon of Dureetz {freeze, rC++}
rCold   + . .        (no shield)
rNeg    + . .        o - +2 robe {rN+}
rPois   ∞            (no helmet)
rElec   .            l - +0 cloak
rCorr   .            (no gloves)
SInv    .            (boots unavailable)
Will    +....        (no amulet)
Stlth   ++           c - ring of willpower
HPRegen 0.30/turn    (no ring)
MPRegen 0.00/turn

%: infuse magic (-4 HP)
@: flying, hasted, very quick
A: sickness immunity, fire resistance 2, cold vulnerability 1, float, innate
caster, HP casting, extra vitality 1
a: Renounce Religion


You were on level 6 of the Dungeon.
You worshipped Ashenzari.
Ashenzari was noncommittal.
You visited 2 branches of the dungeon, and saw 7 of its levels.

You collected 327 gold pieces.

Inventory:

Hand Weapons
 d - the +10 hand cannon of Dureetz (weapon) {freeze, rC++}
   (You acquired it on level 4 of the Dungeon)

   rC++:      It greatly protects you from cold.
 k - the +0 morningstar "Warghiav" {holy, Will+ Str+3 Int-5 Dex+3}
   (You found it on level 6 of the Dungeon)

   Str+3:     It affects your strength (+3).
   Int-5:     It affects your intelligence (-5).
   Dex+3:     It affects your dexterity (+3).
   Will+:     It increases your willpower.
 s - the +7 flail "No More Talking" {freeze, rN+}
   (You found it on level 3 of the Dungeon)

   rN+:       It protects you from negative energy.
Armour
 l - a +0 cloak (worn)
 m - a +3 chain mail of cold resistance
 o - a +2 robe of positive energy (worn)
Jewellery
 c - a ring of willpower (left hand)
Wands
 j - a wand of roots (11)
Scrolls
 a - a scroll of poison
 h - 2 scrolls of identify
Potions
 b - 3 potions of curing
 e - a potion of haste
 f - 2 potions of heal wounds {unknown}
 g - 2 potions of might
 i - a potion of enlightenment {unknown}
 n - a potion of lignification {unknown}
 q - a potion of attraction {unknown}
 t - 2 potions of brilliance {unknown}


   Skills:
 + Level 6.5 Fighting
 + Level 2.9 Ranged Weapons
 - Level 2.1 Dodging
 - Level 1.5 Stealth
 + Level 5.9 Spellcasting
 + Level 5.9 Conjurations
 + Level 5.9 Hexes
 + Level 5.9 Summonings
 + Level 5.9 Necromancy
 + Level 5.9 Translocations
 + Level 5.9 Fire Magic
 + Level 5.9 Ice Magic
 + Level 5.9 Air Magic
 + Level 5.9 Earth Magic
 + Level 5.9 Alchemy


You knew the following spells:

 Your Spells              Type           Power      Damage    Failure   Level
a - Foxfire               Conj/Fire      100%       2x1d9     1%          1
b - Scorch                Fire           56%        2d7       1%          2
c - Volatile Blastmotes   Fire/Tloc      56%        2d14      3%          3
d - Inner Flame           Hex/Fire       28%        N/A       3%          3
e - Flame Wave            Conj/Fire      28%        2d9       10%         4
f - Summon Small Mammal   Summ           100%       N/A       1%          1
g - Searing Ray           Conj           56%        2d6       1%          2
h - Ozocubu's Armour      Ice            28%        N/A       3%          3
Your spell library was empty.

Dungeon Overview and Level Annotations

Branches:
Dungeon (6/15)             Temple (1/1) D:6

Altars:
Ashenzari
Cheibriados
Dithmenos
Elyvilon
Fedhas
Gozag
Makhleb
Nemelex Xobeh
Okawaru
Qazlal
Ru
Trog
Wu Jian
Xom
Yredelemnul
The Shining One

Shops:
D:3 [


Innate Abilities, Weirdness & Mutations

You are immune to sickness and miasma.
You are immune to poison.
Your flesh is very heat resistant. (rF++)
You are vulnerable to cold. (rC-)
You float through the air rather than walking.
You learn spells naturally, not from books.
Your magical power is your life essence.
You have superior vitality. (+4 MHP)


Message History

You shoot a bolt. The bolt closely misses the iguana.
The bolt hits the ice beast!
The ice beast is heavily wounded.
The iguana bites you. x2
A river rat comes into view.
You shoot a bolt. The bolt closely misses the iguana.
The bolt hits the ice beast!!
You kill the ice beast!
You hear a loud squeak.
The iguana completely misses you. The iguana bites you.
A troll comes into view.
You shoot a bolt. The bolt hits the iguana!
The iguana seems to slow down.
The bolt freezes the iguana.
The iguana is severely wounded.
You hear a loud squeak.
The iguana bites you but does no damage.
You shoot a bolt. The bolt hits the iguana!!
The bolt freezes the iguana.
You kill the iguana!
You hear a loud squeak.
A rat comes into view.
A quokka comes into view.
The river rat closely misses you.
You shoot a bolt. The rat squeaks loudly.
The bolt hits the river rat!
The bolt freezes the river rat.
You kill the river rat!
A rat comes into view.
The troll closely misses you. The troll claws you! The troll barely misses you.
The quokka twitches its whiskers.
A rat comes into view.
The troll attacks as it pursues you! The troll bites you but does no damage.
The troll misses you. The troll claws you. The troll attacks as it pursues you!
The troll bites you! The troll claws you!
* * * LOW HITPOINT WARNING * * *
The troll claws you.
* * * LOW HITPOINT WARNING * * *
You feel yourself speed up. The troll closely misses you. x2
The troll claws you!
* * * LOW HITPOINT WARNING * * *
The troll attacks as it pursues you! The troll bites you!
You die...

..# ## ... .# #r# #
## #r#.# .# ##..# ##
#r### # #.## ##
##T## .# #@#.## ##
##.#.# # ##.## #####
### #.##############
#.#.## #.#
#.......#.......
.###.## #.#
##.#..#...###...
#####.## #.#
#.#..##.####...
)..###.# #.#
#.#..##.#......
##.##.##
#.####.#..##.#.###..


You could see a troll.

Vanquished Creatures
  Eustachio (D:4)
  Duvessa (D:6)
  An ice beast (D:6)
  A black bear (D:6)
  A phantom (D:4)
  A bullfrog (D:6)
  2 scorpions
  Dowan (D:6)
  A bombardier beetle (D:3)
  3 jellies
  2 hounds (D:4)
  4 iguanas
  2 sleepcaps
  2 orc wizards (D:5)
  6 adders
  3 river rats (D:6)
  3 dart slugs
  10 orcs
  2 bats
  5 endoplasms
  3 giant cockroaches
  6 goblins
  6 hobgoblins
  3 kobolds
  7 quokkas
  3 ball pythons
  4 frilled lizards
  7 rats
91 creatures vanquished.

Vanquished Creatures (others)
  243 foxfires
243 creatures vanquished.

Grand Total: 334 creatures vanquished

Notes
Turn   | Place    | Note
-------+----------+-------------------------------------------
     0 | D:1      | shadizar the Djinni Fire Elementalist began the quest for
                  | the Orb.
     0 | D:1      | shadizar set off with the following spells memorised:
                  | Foxfire, Scorch, Volatile Blastmotes, Inner Flame, Flame
                  | Wave.
     0 | D:1      | Reached XP level 1. HP: 15/15 MP: 0/0
   195 | D:1      | Reached XP level 2. HP: 18/22 MP: 0/0
   297 | D:1      | Reached skill level 1 in Fighting
   554 | D:1      | Reached XP level 3. HP: 22/27 MP: 0/0
   554 | D:1      | Learned a level 1 spell: Summon Small Mammal
  1122 | D:2      | Reached skill level 2 in Fighting
  1527 | D:3      | Reached XP level 4. HP: 30/34 MP: 0/0
  1798 | D:3      | Found Xeigulir's Armour Shop.
  1802 | D:3      | Reached XP level 5. HP: 38/40 MP: 0/0
  1802 | D:3      | Learned a level 2 spell: Searing Ray
  1873 | D:3      | Found a broken altar of Ashenzari.
  1874 | D:3      | Identified the +7 flail "No More Talking" {freeze, rN+}
  2080 | D:3      | Found a sparkling altar of Nemelex Xobeh.
  2156 | D:3      | Reached skill level 3 in Fighting
  2241 | D:4      | Noticed a phantom
  2247 | D:4      | Killed a phantom
  2316 | D:4      | Reached XP level 6. HP: 21/47 MP: 0/0
  2343 | D:4      | Reached skill level 4 in Fighting
  2592 | D:4      | Noticed Eustachio
  2608 | D:4      | Killed Eustachio
  2609 | D:4      | Reached skill level 5 in Fighting
  2609 | D:4      | Reached skill level 5 in Spellcasting
  2609 | D:4      | Reached skill level 5 in Conjurations
  2609 | D:4      | Reached skill level 5 in Hexes
  2609 | D:4      | Reached skill level 5 in Summonings
  2609 | D:4      | Reached skill level 5 in Necromancy
  2609 | D:4      | Reached skill level 5 in Translocations
  2609 | D:4      | Reached skill level 5 in Fire Magic
  2609 | D:4      | Reached skill level 5 in Ice Magic
  2609 | D:4      | Reached skill level 5 in Air Magic
  2609 | D:4      | Reached skill level 5 in Earth Magic
  2609 | D:4      | Reached skill level 5 in Alchemy
  2609 | D:4      | Reached XP level 7. HP: 24/54 MP: 0/0
  2609 | D:4      | Learned a level 3 spell: Ozocubu's Armour
  3104 | D:4      | Identified a scroll of acquirement
  3104 | D:4      | Acquired the +10 hand cannon of Dureetz {freeze, rC++}
  3186 | D:5      | Entered Level 5 of the Dungeon
  3586 | D:5      | Reached skill level 1 in Ranged Weapons
  3590 | D:5      | Reached XP level 8. HP: 60/60 MP: 0/0
  3996 | D:6      | Found a stormy altar of Qazlal.
  4010 | D:6      | Found a glowing golden altar of the Shining One.
  4076 | D:6      | Identified the +0 morningstar "Warghiav" {holy, Will+ Str+3
                  | Int-5 Dex+3}
  4104 | D:6      | Reached skill level 6 in Fighting
  4308 | D:6      | Noticed Duvessa
  4312 | D:6      | Noticed Dowan
  4318 | D:6      | Killed Duvessa
  4321 | D:6      | Killed Dowan
  4427 | D:6      | Found a staircase to the Ecumenical Temple.
  4440 | Temple   | Entered the Ecumenical Temple
  4611 | D:3      | Became a worshipper of Ashenzari the Shackled
  4776 | D:6      | Noticed a troll
  4784 | D:6      | Slain by a troll

Illustrated notes

Levels and vault maps discovered:
D:1:      giann_forest_graveyard, layout_basic, serial_curves, eino_curves_02,
          eino_curves_02
D:2:      layout_basic
D:3:      layout_loops_ring, nicolae_ashenzari_panopticon,
          mainiacjoe_overflow_brackets, serial_shops, nicolae_shop_scrapyard
D:4:      layout_rooms, hex_intersection, grunt_decor_one_mirror,
          supply_closet_lemuel, nicolae_figureground_sparkle, uniq_eustachio
D:5:      layout_loops_ring
D:6:      lemuel_ratsnest, layout_loops_ring, grunt_temple_overflow_open,
          temple_hall, minmay_misc_feat_diagonals, st_stairs_3, uniq_duvessa
Temple:   oiseaux_autumnal_temple

Skill      XL: |  1  2  3  4  5  6  7  8 |
---------------+-------------------------+-----
Fighting       | 1 2 3 5 6 |  6.5
Spellcasting   | 4 5 |  5.9
Conjurations   | 4 5 |  5.9
Hexes          | 4 5 |  5.9
Summonings     | 4 5 |  5.9
Necromancy     | 4 5 |  5.9
Translocations | 4 5 |  5.9
Fire Magic     | 4 5 |  5.9
Ice Magic      | 4 5 |  5.9
Air Magic      | 4 5 |  5.9
Earth Magic    | 4 5 |  5.9
Alchemy        | 4 5 |  5.9
Ranged Weapons | 1 2 |  2.9
Dodging        | |  2.1
Stealth        | |  1.5

Action                     |  1- 3 |  4- 6 |  7- 9 || total
---------------------------+-------+-------+-------++-------
  Melee: Unarmed           |     1 |     6 |       ||     7
   Fire: Hand cannon       |       |       |    54 ||    54
   Cast: Foxfire           |    93 |    53 |     4 ||   150
         Scorch            |     3 |    12 |    14 ||    29
         Searing Ray       |       |     4 |       ||     4
    Use: Scroll            |       |       |    13 ||    13
         Potion            |       |       |     1 ||     1
 Armour: Robe              |     2 |    17 |    24 ||    43
  Dodge: Dodged            |     3 |    12 |    23 ||    38

Table legend: (Time is in decaauts)
 A = Elapsed time spent in this place.
 B = Non-inter-level travel time spent in this place.
 C = Inter-level travel time spent in this place.
 D = Time resting spent in this place.
 E = Time spent auto-exploring this place.
 F = Levels seen in this place.
 G = Mean time per level.
                   A        B        C        D        E       F      G
               +--------+--------+--------+--------+--------+-----+--------+
         Total |   4829 |   4458 |    371 |      0 |   3715 |   7 |  689.9 |
       Dungeon |   4827 |   4457 |    370 |      0 |   3715 |   6 |  804.5 |
        Temple |      1 |      0 |      1 |      0 |      0 |   1 |    1.0 |
               +--------+--------+--------+--------+--------+-----+--------+

Top non-repeatable levels by time:
     D:4: 987 daAuts
     D:3: 935 daAuts
     D:6: 860 daAuts
     D:1: 732 daAuts
     D:2: 694 daAuts
     D:5: 617 daAuts
  Temple: 1 daAuts
